 Dungeon Crawl Stone Soup version 0.28-a0-932-g843f935a50 (webtiles) character file.

Game seed: 14294703695155539680

564 Gwenloh the Summoner (level 7, -1/46 HPs)
             Began as a Barachi Summoner on Nov 27, 2021.
             Slain by a hound (4 damage)
             ... on level 4 of the Dungeon.
             The game lasted 00:16:06 (4302 turns).

Gwenloh the Summoner (Barachi Summoner)             Turns: 4302, Time: 00:16:07

Health: -1/46      AC: -12   Str: 10    XL:     7   Next: 32%
Magic:  11/13      EV: 12    Int: 16    God:
Gold:   187        SH:  0    Dex: 13    Spells: 2/15 levels left

rFire   . . .      SeeInvis .   g - +0 spear
rCold   . . .      Faith    .   (no shield)
rNeg    . . .      Spirit   .   a - +0 robe
rPois   .          Reflect  .   (no helmet)
rElec   .          Harm     .   m - +0 cloak
rCorr   .          Rampage  .   (no gloves)
Will    .....                   h - +0 pair of boots
Stlth   ++........              o - amulet of magic regeneration
HPRegen 0.15/turn               (no ring)
MPRegen 0.53/turn               (no ring)

@: corroded, unable to hop, slow
A: amphibious, slowness 1, strong legs 1, +LOS
a: Hop


You were on level 4 of the Dungeon.
You visited 1 branch of the dungeon, and saw 5 of its levels.

You collected 187 gold pieces.

Inventory:

Hand Weapons
 c - a +0 short sword
 g - a +0 spear (weapon)
Missiles
 b - 140 stones
 q - 3 javelins (quivered)
Armour
 a - a +0 robe (worn)
 h - a +0 pair of boots (worn)
 m - a +0 cloak (worn)
Magical Staves
 n - a staff of death
Jewellery
 j - an amulet of faith
 o - an amulet of magic regeneration (around neck)
Scrolls
 f - a scroll of enchant weapon {unknown}
 p - a scroll of fear {unknown}
 r - a scroll of enchant armour {unknown}
 t - a scroll of teleportation {unknown}
 u - 2 scrolls of brand weapon {unknown}
Potions
 d - a potion of haste
 e - a potion of curing
 i - 2 potions of heal wounds {unknown}
 k - a potion of cancellation {unknown}
 l - 2 potions of berserk rage {unknown}
 s - a potion of brilliance {unknown}
 v - a potion of mutation {unknown}


   Skills:
 - Level 2.1 Dodging
 - Level 1.7 Stealth
 + Level 4.5 Spellcasting
 + Level 2.8 Hexes
 * Level 8.5 Summonings


You had 2 spell levels left.
You knew the following spells:

 Your Spells              Type           Power      Damage    Failure   Level
a - Summon Small Mammal   Summ           100%       N/A       1%          1
b - Call Imp              Summ           30%        N/A       1%          2
c - Call Canine Familiar  Summ           30%        N/A       1%          3
d - Summon Guardian Gole  Hex/Summ       21%        N/A       4%          3
e - Summon Lightning Spi  Summ/Air       17%        N/A       28%         4

Your spell library contained the following spells:

 Spells                   Type           Power      Damage    Failure   Level
 Airstrike                Air            1%         N/A       85%         4
 Lightning Bolt           Conj/Air       1%         1d12      99%         5


Dungeon Overview and Level Annotations

Branches:
Dungeon (5/15)
 Temple: D:4-7

Altars:
Qazlal
Vehumet
Yredelemnul

Annotations:
D:4 2 transporters


Innate Abilities, Weirdness & Mutations

You are amphibious.
You cover ground slowly.
You can hop short distances.
You have an extended range of vision and can be seen from far away.


Message History

Your white imp disappears in a puff of smoke!
The jelly quivers.
The jelly closely misses your hound.
Your hound bites the jelly.
Your hound is burned by acid!
The hound bites you.
Casting: Call Canine Familiar (safe; 1% risk of failure)
Confirm with . or Enter, or press ? or * to list all spells.
Your hound bites the jelly.
The jelly dies!
The hound closely misses you. The hound bites you. x2
Your hound barely misses the hound.
Casting: Summon Small Mammal (safe; 1% risk of failure)
Confirm with . or Enter, or press ? or * to list all spells.
A beastly little devil appears in a puff of flame.
The hound bites you.
* * * LOW HITPOINT WARNING * * *
Your bat misses the hound.
Your hound barely misses the hound.
The hound closely misses you. The hound bites you.
* * * LOW HITPOINT WARNING * * *
Okay, then.
Hop to where?
Press: ? - help, Dir - move target Boing!
Your bat hits the hound but does no damage.
The hound bites your hound.
Your hound misses the hound.
Your bat closely misses the hound.
Your hound barely misses the hound.
Your bat hits the hound. The hound barely misses you. The hound misses you.
The hound bites you.
* * * LOW HITPOINT WARNING * * *
There is an escape hatch in the ceiling here.
Your bat completely misses the hound.
Your hound barely misses the hound.
The hound barely misses you. The hound bites you.
* * * LOW HITPOINT WARNING * * *
Your hound closely misses the hound.
The hound misses you. A mysterious force pulls you upwards.
The hatch slams shut behind you.
Level annotation: 2 transporters
Casting: Call Imp (safe; 1% risk of failure)
Confirm with . or Enter, or press ? or * to list all spells.
The hound bites you.
You die...

.....#........+....#...†..#
######........######......#
....................##'####
....................#....#
....................#....#
....................#....#
....................#....#
................h...#....#
................@...#....#
...............h..h.#...>#
###...........############
[.#...........#
..#...........#
..#...........#
..#...........#
.....>.......†#############
############..............#


You could see 2 hounds and a friendly hound (summoned).

Vanquished Creatures
  An ogre (D:3)
  A jelly (D:4)
  An adder (D:5)
  2 worms
  2 orcs (D:4)
  2 bats (D:1)
  5 endoplasms
  4 giant cockroaches
  A hobgoblin (D:1)
  5 jackals
  A quokka (D:4)
  2 frilled lizards (D:3)
  3 goblins
  3 kobolds
  4 rats (D:1)
37 creatures vanquished.

Vanquished Creatures (collateral kills)
  An ogre (D:4)
  2 scorpions
  A jelly (D:5)
  An orc priest (D:4)
  2 adders (D:4)
  2 orcs
  A bat (D:3)
  3 endoplasms
  A giant cockroach (D:4)
  6 goblins
  2 hobgoblins
  4 jackals
  2 quokkas
  4 ball pythons
  2 frilled lizards
  4 kobolds
  A spectral orc (D:3)
39 creatures vanquished.

Vanquished Creatures (others)
  An ogre (D:4)
  An orc (D:4)
2 creatures vanquished.

Grand Total: 78 creatures vanquished

Notes
Turn   | Place    | Note
-------+----------+-------------------------------------------
     0 | D:1      | Gwenloh the Barachi Summoner began the quest for the Orb.
     0 | D:1      | Reached XP level 1. HP: 13/13 MP: 3/3
   120 | D:1      | Reached skill level 5 in Summonings
   309 | D:1      | Reached XP level 2. HP: 16/19 MP: 5/5
   465 | D:1      | Learned a level 2 spell: Call Imp
  1024 | D:1      | Reached XP level 3. HP: 16/24 MP: 7/7
  1028 | D:1      | Learned a level 3 spell: Call Canine Familiar
  2280 | D:3      | Found a stormy altar of Qazlal.
  2383 | D:3      | Noticed an ogre
  2389 | D:3      | Reached skill level 6 in Summonings
  2399 | D:3      | Killed an ogre
  2400 | D:3      | Reached XP level 4. HP: 30/30 MP: 3/9
  2400 | D:3      | Reached XP level 5. HP: 35/35 MP: 3/10
  2404 | D:3      | Learned a level 3 spell: Summon Guardian Golem
  2565 | D:3      | Found a radiant altar of Vehumet.
  3034 | D:3      | Reached skill level 1 in Hexes
  3034 | D:3      | Reached skill level 7 in Summonings
  3114 | D:3      | Found a basalt altar of Yredelemnul.
  3189 | D:4      | Found a transporter.
  3202 | D:4      | Reached XP level 6. HP: 38/41 MP: 11/11
  3334 | D:4      | Found a transporter.
  3358 | D:4      | Noticed a small abomination
  3505 | D:4      | Reached skill level 8 in Summonings
  3505 | D:4      | Reached XP level 7. HP: 30/46 MP: 8/13
  3611 | D:4      | Learned a level 4 spell: Summon Lightning Spire
  4190 | D:5      | Entered Level 5 of the Dungeon
  4302 | D:4      | Slain by a hound

Illustrated notes

Levels and vault maps discovered:
D:1:      saegor_arrival_under_anarchy, layout_loops_ring
D:2:      layout_loops_cross
D:3:      layout_rooms, yredelemnul_forgotten_temple_becter,
          mainiacjoe_overflow_24_doors, lemuel_tele_altar
D:4:      layout_gridville, gammafunk_ghost_abyssal_escape, st_stairs_10
D:5:      layout_loops_ring, mainiacjoe_overflow_big_doors,
          chequers_temple_overflow_statue_of_worship, minmay_misc_feat_alley,
          kennysheep_generic_room_12, uniq_prince_ribbit1

Skill      XL: |  1  2  3  4  5  6 |
---------------+-------------------+-----
Summonings     | 5 6 7 8 |  8.5
Spellcasting   | 3 4 |  4.5
Hexes          | 1 2 |  2.8
Dodging        | |  2.1
Stealth        | |  1.7

Action                   |  1- 3 |  4- 6 |  7- 9 || total
-------------------------+-------+-------+-------++-------
Melee: Unarmed           |     9 |       |       ||     9
       Short sword       |    33 |       |       ||    33
       Spear             |    83 |    40 |    41 ||   164
Throw: Stone             |       |     2 |       ||     2
       Javelin           |       |     5 |     2 ||     7
 Cast: Summon Small Mamm |    16 |     5 |     1 ||    22
       Call Canine Famil |     4 |     8 |     6 ||    18
       Call Imp          |     1 |     3 |     4 ||     8
       Summon Guardian G |       |     1 |     1 ||     2
 Abil: Hop               |       |     1 |     1 ||     2
  Use: Potion            |       |     2 |       ||     2
 Stab: Sleeping          |     7 |       |     1 ||     8
Armor: Robe              |    27 |     1 |     5 ||    33
Dodge: Dodged            |    61 |    13 |    29 ||   103

Table legend: (Time is in decaauts)
 A = Elapsed time spent in this place.
 B = Non-inter-level travel time spent in this place.
 C = Inter-level travel time spent in this place.
 D = Time resting spent in this place.
 E = Time spent auto-exploring this place.
 F = Levels seen in this place.
 G = Mean time per level.
                   A        B        C        D        E       F      G
               +--------+--------+--------+--------+--------+-----+--------+
         Total |   4757 |   4515 |    242 |    468 |   3211 |   5 |  951.4 |
       Dungeon |   4757 |   4515 |    242 |    468 |   3211 |   5 |  951.4 |
               +--------+--------+--------+--------+--------+-----+--------+

Top non-repeatable levels by time:
     D:1: 1802 daAuts
     D:4: 1117 daAuts
     D:2: 886 daAuts
     D:3: 833 daAuts
     D:5: 118 daAuts
